 Dungeon Crawl Stone Soup version 0.30-a0-634-g8abc85282e (webtiles) character file.

Game seed: 13875902407416787745

13337 kae the Transmogrifier (level 11, -24/88 HPs)
             Began as a Demonspawn Transmuter on Jan 14, 2023.
             Was a Priest of Ru.
             Killed from afar by an acid dragon (26 damage)
             ... with a splash of acid
             ... on level 11 of the Dungeon.
             The game lasted 00:14:35 (14241 turns).

kae the Transmogrifier (Demonspawn Transmuter)     Turns: 14241, Time: 00:14:36

Health: -24/88     AC:  9    Str: 10    XL:     11   Next: 74%
Magic:  19/21      EV: 15    Int: 19    God:    Ru [***...]
Gold:   599        SH:  5    Dex: 14    Spells: 12/24 levels left

rFire   x . .      SeeInvis .      - Unarmed
rCold   + + +      Faith    .    (shield currently unavailable)
rNeg    . . .      Spirit   .    (body armour currently unavailable)
rPois   +          Reflect  +    (helmet currently unavailable)
rElec   .          Harm     .    (cloak currently unavailable)
rCorr   .          Rampage  .    (gloves currently unavailable)
Will    .....                    (boots currently unavailable)
Stlth   +                        H - amulet of reflection
HPRegen 0.34/turn                Z - ring of wizardry
MPRegen 0.17/turn                E - +5 ring of evasion

@: ice-form, wereblooded, slowed, unable to drink, very slow
A: freezing attack, amphibious, boosted hp, large, (antennae 1), (hooves 2),
ignite blood 1, powered by pain 2, inability to drink after injury 2, inability
to use devices, (weakness stinger 2)
a: End Transformation, Renounce Religion, Sacrifice Resistance, Sacrifice a
Hand, Sacrifice Stealth, Reject Sacrifices, Draw Out Power


You were on level 11 of the Dungeon.
You worshipped Ru.
Ru was most pleased with you.
You were a creature of crystalline ice.
You visited 2 branches of the dungeon, and saw 12 of its levels.
You also visited: Sewer.

You collected 599 gold pieces.


Innate Abilities, Weirdness & Mutations

You are a creature of crystalline ice.
You have a powerful freezing melee attack.
You are amphibious.
Your maximum health is increased.
Your armour is entirely melded.
You are incapable of wielding weapons or throwing items.
((You have a pair of small antennae on your head.))
((You have hoof-like feet.))
Your demonic aura sometimes causes spilled blood to erupt in flames.
You sometimes gain power by taking damage.
You sometimes lose the ability to drink potions when taking damage.
You cannot study or use magical devices.
((You have a tail ending in a sharp stinger.))


   Skills:
 + Level 2.6 Fighting
 + Level 1.9 Armour
 - Level 1.7 Dodging
 * Level 9.7 Unarmed Combat
 + Level 7.2 Spellcasting
 * Level 9.9 Transmutations
 - Level 8.1 Ice Magic
 - Level 1.7 Poison Magic


You had 12 spell levels left.
You knew the following spells:

 Your Spells              Type           Power      Damage    Failure   Level
a - Beastly Appendage     Tmut           88%        N/A       1%          1
b - Wereblood             Tmut           44%        N/A       1%          2
c - Spider Form           Tmut/Pois      29%        N/A       1%          3
d - Ice Form              Ice/Tmut       41%        N/A       1%          4
e - Passwall              Tmut/Erth      20%        N/A       1%          2

Your spell library contained the following spells:

 Spells                   Type           Power      Damage    Failure   Level
 Ensorcelled Hibernation  Hex/Ice        44%        N/A       1%          2
 Magic Dart               Conj           24%        1d4       4%          1
 Blink                    Tloc           12%        N/A       6%          2
 Momentum Strike          Conj/Tloc      12%        3d8       6%          2
 Scorch                   Fire           12%        2d6       6%          2
 Searing Ray              Conj           12%        2d4       6%          2
 Sublimation of Blood     Necr           6%         N/A       6%          2
 Confusing Touch          Hex            6%         N/A       12%         3
 Lesser Beckoning         Tloc           12%        N/A       12%         3
 Swiftness                Air            6%         N/A       12%         3
 Metabolic Englaciation   Hex/Ice        11%        N/A       21%         5
 Anguish                  Hex/Necr       3%         N/A       36%         4
 Flame Wave               Conj/Fire      6%         2d5       36%         4
 Fulminant Prism          Conj/Hex       3%         3d5       36%         4
 Manifold Assault         Tloc           6%         N/A       36%         4
 Dispersal                Tloc           3%         N/A       99%         6
 Summon Cactus Giant      Summ           3%         N/A       99%         6
 Summon Hydra             Summ           3%         N/A       100%        7
 Disjunction              Tloc           3%         N/A       100%        8

Inventory:

Missiles
 d - 72 poisoned darts
 g - 115 stones
 w - 4 boomerangs
 L - a curare-tipped dart {=f}
Armour
 a - a +1 robe (melded)
 e - a +1 pair of gloves (melded)
   (You found it in a sewer)
Magical Staves
 P - a staff of air {!a}
   (You found it on level 9 of the Dungeon)
 Q - a staff of cold {!a}
   (You found it on level 10 of the Dungeon)
Jewellery
 c - a ring of ice
   (You found it on level 6 of the Dungeon)
 t - a ring of protection from cold
   (You found it on level 11 of the Dungeon)
 z - a ring of wizardry
   (You found it on level 10 of the Dungeon)
 C - a ring of protection from cold
   (You found it on level 5 of the Dungeon)
 E - a +5 ring of evasion (right front paw)
   (You found it on level 5 of the Dungeon)
 F - a ring of protection from fire
   (You found it on level 7 of the Dungeon)
 H - an amulet of reflection (around neck)
   (You found it on level 1 of the Dungeon)
 N - a ring of positive energy
   (You found it on level 5 of the Dungeon)
 R - a ring of resist corrosion
   (You found it on level 1 of the Dungeon)
 Z - a ring of wizardry (left front paw)
   (You took it off Grum on level 8 of the Dungeon)
Wands
 r - a wand of roots (3)
   (You found it on level 11 of the Dungeon)
Scrolls
 h - 2 scrolls of vulnerability {!r!r}
 l - 4 scrolls of magic mapping {!r}
 o - a scroll of teleportation {@r4}
 s - 2 scrolls of enchant armour
 u - 3 scrolls of torment {!r}
 v - 4 scrolls of fog
 x - a scroll of enchant weapon
 y - 2 scrolls of brand weapon
 G - 3 scrolls of immolation {!r!r}
 I - a scroll of silence {!r}
 K - 5 scrolls of identify {@r1}
 M - 3 scrolls of blinking {!r}
 S - a scroll of acquirement
 U - 2 scrolls of poison {!r}
Potions
 b - 4 potions of lignification {!q}
 f - 3 potions of brilliance
 i - 2 potions of might
 j - 3 potions of heal wounds {@q2}
 k - 2 potions of invisibility
 m - a potion of magic
 n - 2 potions of mutation {!q}
 p - 2 potions of attraction {!q}
 q - 2 potions of haste {@q3}
 A - 2 potions of resistance
 B - 2 potions of curing {@q1}
 D - 2 potions of cancellation
 J - a potion of flight
 T - a potion of berserk rage {!q}

Dungeon Overview and Level Annotations

Branches:
Dungeon (11/15) Zot: 25450  Temple (1/1) D:4 Zot: 5878    Lair (0/5) D:11
  Sewer (visited)
    Orc: D:9-12

Altars:
Ashenzari
Cheibriados
Dithmenos
Fedhas
Gozag
Hepliaklqana
Kikubaaqudgha
Makhleb
Nemelex Xobeh
Okawaru
Qazlal
Ru
Sif Muna
Trog
Uskayaw
Vehumet
Wu Jian
Xom
Yredelemnul

Shops:
D:3 (   D:4 (   D:5 !

Annotations:
D:8 2 transporters, exclusion: 2 oklob plants, Dirtsage's ghost, novice OpTm #. #####... # .### # $#....... .#. D#Y

.#.##....... #..###
T.###..##........ #..#O
cY#..#######'###
#...###W..##.........#
#.T#TW###..........# .#
#DTy##.#.##.......#
....#'Y)#..'.##.......'
#........####^.........#
........................
..####..................
. .........#...##.......
.........#............
.......................
#######################


You could see a two-headed ogre, a yak, 3 trolls, a wraith, an acid dragon
(catching breath), a shadow and a killer bee.


Message History

An orc warrior comes into view. It is wielding a +0 hand axe. 😕 HP[-4]
You take 4 damage, and now have 68/87 hp.
Something barely misses you.
A killer bee comes into view.
The killer bee buzzes angrily.
You pummel the orc warrior!! You freeze the orc warrior!
You feel a bit better.
You kill the orc warrior!
Something hits you!
You feel threatened and lose the ability to drink potions! 😮 HP[-7]
You take 7 damage, and now have 61/87 hp.
A centaur and 2 trolls come into view.
The centaur shouts!
The troll shouts! x2; You hear two shouts!
Something hits you.
The wraith is stunned by your conviction and fails to attack.
A vampire comes into view.
A shadow comes into view.
You hear a shout!
You hit the troll. You freeze the troll. Something hits you but does no damage.
A two-headed ogre comes into view. It is wielding two +0 giant clubs.
The wraith misses you. The troll bites you!
The troll claws you but does no damage. The troll closely misses you.
A yak comes into view.
A troll comes into view. 😮 HP[-9]
You take 9 damage, and now have 52/87 hp.
You are too injured to fight recklessly!
You are too injured to fight recklessly!
You are too injured to fight recklessly!
You are too injured to fight recklessly!
You are too injured to fight recklessly!
You are too injured to fight recklessly!
Unknown command.
You punch the troll! You freeze the troll.
You hear a shout!
Something hits you. The wraith hits you.
* * * LOW HITPOINT WARNING * * *
The wraith drains your vigour!
You feel yourself slow down.
An acid dragon comes into view. 😨 HP[-10] MP[+1]
You take 10 damage, and now have 42/87 hp.
You punch the vampire! You freeze the vampire. Something hits you!
* * * LOW HITPOINT WARNING * * *
The wraith barely misses you. The troll bites you but does no damage.
The troll claws you!
* * * LOW HITPOINT WARNING * * *
The troll misses you.
The vampire is engulfed in blazing flames.
You feel a bit better.
You destroy the vampire!
A troll comes into view. 😨 HP[-12]
You take 12 damage, and now have 30/87 hp.
Something hits you but does no damage. Something completely misses you.
The troll bites you.
* * * LOW HITPOINT WARNING * * *
The troll claws you.
* * * LOW HITPOINT WARNING * * *
The troll completely misses you.
Unknown command. 😨 HP[-3]
You take 3 damage, and now have 27/87 hp.
You punch the troll! You freeze the troll.
Something hits you but does no damage. The wraith hits you but does no damage.
The troll bites you but does no damage. You block the troll's attack.
The troll closely misses you. The troll bites you.
* * * LOW HITPOINT WARNING * * *
You block the troll's attack. x2; The wraith hits you.
* * * LOW HITPOINT WARNING * * *
😨 HP[-4]
You take 4 damage, and now have 23/87 hp.
Unknown command.
You hit the troll. You freeze the troll. You block something's attack.
The wraith hits you!
* * * LOW HITPOINT WARNING * * *
The wraith drains your vigour!
You feel as though you will be slow longer.
The troll bites you.
* * * LOW HITPOINT WARNING * * *
The troll barely misses you.
The troll claws you but does no damage. 😱 HP[-12]
You take 12 damage, and now have 11/87 hp.
Unknown command.
You punch the troll! You freeze the troll.
You feel a bit better.
You kill the troll!
Something hits you but does no damage. Something barely misses you.
The wraith barely misses you. Something hits you.
* * * LOW HITPOINT WARNING * * *
😱 HP[-3] MP[+1]
You now have 88 max hp (+1).
You take 3 damage, and now have 8/88 hp.
Unknown command.
Okay, then.
Something hits you but does no damage. The killer bee stings you.
* * * LOW HITPOINT WARNING * * *
The troll misses you. The troll closely misses you. The troll claws you.
* * * LOW HITPOINT WARNING * * *
The acid dragon spits acid at you. The splash of acid hits you!!
You die...

Skill      XL: |  1  2  3  4  5  6  7  8  9 10 11 |
---------------+----------------------------------+-----
Transmutations | 2 3 4 5 6 7 8 9 |  9.9
Unarmed Combat | 3 4 5 6 7 8 9 |  9.7
Poison Magic   | 1 |  1.7
Spellcasting   | 3 4 5 6 7 |  7.2
Ice Magic      | 1 2 4 6 7 8 |  8.1
Armour         | 1 |  1.9
Fighting       | 2 |  2.6
Dodging        | |  1.7

Action                   |  1- 3 |  4- 6 |  7- 9 | 10-12 || total
-------------------------+-------+-------+-------+-------++-------
Melee: Unarmed           |    96 |   223 |   317 |   299 ||   935
       Kick              |    21 |    29 |     1 |     4 ||    55
       Headbutt          |    20 |       |       |       ||    20
       Punch             |     1 |     3 |       |       ||     4
       Tailslap          |       |    14 |     1 |     1 ||    16
 Cast: Beastly Appendage |    27 |    22 |       |       ||    49
       Spider Form       |     1 |    12 |    23 |       ||    36
       Wereblood         |       |     1 |    11 |     9 ||    21
       Ice Form          |       |       |    23 |    34 ||    57
Invok: Sacrifice Artific |       |       |     1 |       ||     1
       Sacrifice Drink   |       |       |       |     1 ||     1
  Use: Scroll            |     9 |     4 |    10 |     6 ||    29
       Potion            |       |     2 |     1 |       ||     3
 Stab: Sleeping          |     1 |     2 |       |       ||     3
       Invisible         |       |       |     1 |       ||     1
       Distracted        |       |       |     1 |     1 ||     2
Armor: Robe              |    15 |    24 |       |     2 ||    41
       Skin              |       |    10 |    53 |    65 ||   128
Dodge: Dodged            |    50 |   167 |   233 |   225 ||   675
Block: Other             |    21 |    47 |    80 |    57 ||   205
       Reflection        |       |       |     7 |     4 ||    11

Levels and vault maps discovered:
D:1:      evilmike_arrival_grusome_pit, layout_basic
D:2:      layout_loops_ring
D:3:      layout_basic, ebering_ecumenical_altar_box, serial_shops,
          nicolae_shop_bloodbath_and_beyond, gup_sewer_entry_bubbles,
          kennysheep_minor_cross, uniq_ijyb
D:4:      layout_layer_cave, minmay_temple_entry_mini_moons, serial_shops,
          nicolae_shop_behind_doors
D:5:      layout_basic, serial_shops, nicolae_shop_hallway_stairs,
          grunt_ministairs_5, uniq_prince_ribbit1
D:6:      layout_gridville, ashenzari_conservatory_becter
D:7:      layout_loops_cross, grunt_temple_overflow_diamond,
          nicolae_hepliaklqana_hippocampus, minivault_23
D:8:      layout_basic, nzn_ghost_randoct, uniq_grum
D:9:      layout_roguey, lemuel_crystal_altar
D:10:     due_megacathedral, layout_loops_ring, grunt_ministairs_4
D:11:     layout_stronghold, erik_lair_dragon, kennysheep_kite_vault
Temple:   nicolae_temple_superstar

Notes
Turn   | Place    | Note
-------+----------+-------------------------------------------
     0 | D:1      | kae the Demonspawn Transmuter began the quest for the Orb.
     0 | D:1      | Reached XP level 1. HP: 15/15 MP: 3/3
     0 | D:1      | magus.rc [v1.11.3]
    92 | D:1      | Reached skill level 2 in Transmutations
   248 | D:1      | Gained mutation: You sometimes gain a little power by
                  | taking damage. [demonic ancestry]
   248 | D:1      | Reached XP level 2. HP: 21/21 MP: 3/5
   251 | D:1      | Learned a level 2 spell: Wereblood
   740 | D:2      | Reached skill level 3 in Unarmed Combat
   763 | D:2      | Reached XP level 3. HP: 9/26 MP: 4/6
   765 | D:2      | HP: 6/26 [poisoned by an adder]
   767 | D:2      | Learned a level 3 spell: Spider Form
  1601 | D:3      | Found Isotinku's Weapon Shoppe.
  1677 | D:3      | Reached skill level 3 in Transmutations
  1677 | D:3      | Reached skill level 1 in Poison Magic
  1677 | D:3      | You feel monstrous as your demonic heritage exerts itself.
  1677 | D:3      | Discovered your monstrous ancestry.
  1677 | D:3      | Gained mutation: You have a pair of small antennae on your
                  | head. [demonic ancestry]
  1677 | D:3      | Reached XP level 4. HP: 18/32 MP: 1/7
  1710 | D:3      | Found a glowing drain.
  1748 | Sewer    | Entered a sewer
  1896 | Sewer    | Noticed a kobold brigand
  1904 | Sewer    | HP: 8/32 [kobold brigand/+0 whip (9)]
  1905 | Sewer    | Killed a kobold brigand
  1906 | Sewer    | Gained mutation: You have a small tail. [demonic ancestry]
  1906 | Sewer    | Reached XP level 5. HP: 9/37 MP: 4/9
  2109 | Sewer    | HP: 6/37 [river rat (6)]
  2380 | Sewer    | Reached skill level 3 in Spellcasting
  2380 | Sewer    | Reached skill level 4 in Transmutations
  2380 | Sewer    | Gained mutation: You have large cloven feet. [demonic
                  | ancestry]
  2380 | Sewer    | Reached XP level 6. HP: 33/43 MP: 5/10
  2388 | Sewer    | Reached skill level 4 in Unarmed Combat
  2647 | D:3      | You pick up a book of Burglary and begin reading...
  2647 | D:3      | You add the spells Passwall, Ensorcelled Hibernation and
                  | Swiftness to your library.
  2652 | D:3      | Found a faded altar of an unknown god.
  3116 | D:3      | Learned a level 4 spell: Ice Form
  3469 | D:3      | Noticed Ijyb
  3483 | D:3      | Killed Ijyb
  3833 | D:4      | Reached skill level 1 in Ice Magic
  3893 | D:4      | Found a staircase to the Ecumenical Temple.
  3909 | Temple   | Entered the Ecumenical Temple
  4018 | Temple   | Became a worshipper of Ru the Awakened
  4169 | D:4      | Gained mutation: Your demonic aura sometimes causes spilled
                  | blood to erupt in flames. [demonic ancestry]
  4169 | D:4      | Reached XP level 7. HP: 48/48 MP: 8/12
  4487 | D:4      | You pick up a book of Blood and begin reading...
  4487 | D:4      | You add the spells Sublimation of Blood and Summon Hydra to
                  | your library.
  4680 | D:4      | You pick up a book of Conjurations and begin reading...
  4680 | D:4      | You add the spells Magic Dart, Searing Ray and Fulminant
                  | Prism to your library.
  4893 | D:4      | Found Tyjegom's Antique Weapon Shop.
  5185 | D:5      | Entered Level 5 of the Dungeon
  5185 | D:5      | Found Licyts's Distillery.
  5256 | D:5      | Reached skill level 5 in Transmutations
  5331 | D:5      | Reached skill level 2 in Ice Magic
  5434 | D:5      | Reached skill level 5 in Unarmed Combat
  5451 | D:5      | Reached skill level 4 in Spellcasting
  5599 | D:5      | Reached XP level 8. HP: 54/54 MP: 7/14
  5621 | D:5      | Reached skill level 3 in Ice Magic
  5624 | D:5      | You pick up a book of Spatial Translocations and begin
                  | reading...
  5624 | D:5      | You add the spells Blink, Momentum Strike and Lesser
                  | Beckoning to your library.
  5676 | D:5      | You pick up a book of Scorching and begin reading...
  5676 | D:5      | You add the spells Scorch, Flame Wave and Summon Cactus
                  | Giant to your library.
  6655 | D:5      | Noticed Prince Ribbit
  6671 | D:5      | Killed Prince Ribbit
  6672 | D:5      | Reached skill level 6 in Transmutations
  6672 | D:5      | Reached skill level 4 in Ice Magic
  7027 | D:6      | Found a broken altar of Ashenzari.
  7070 | D:6      | Gained mutation: You cannot study or use magical devices.
                  | [Ru sacrifice]
  7070 | D:6      | Reached * piety under Ru
  7070 | D:6      | Reached ** piety under Ru
  7078 | D:6      | Reached skill level 6 in Unarmed Combat
  7206 | D:6      | Gained mutation: You sometimes gain power by taking damage.
                  | [demonic ancestry]
  7206 | D:6      | Reached XP level 9. HP: 59/59 MP: 11/16
  7421 | D:6      | Reached skill level 5 in Spellcasting
  7475 | D:6      | Reached skill level 5 in Ice Magic
  8037 | D:7      | Reached skill level 7 in Transmutations
  8224 | D:7      | Reached skill level 7 in Unarmed Combat
  8300 | D:7      | Found a shadowy altar of Dithmenos.
  8617 | D:7      | You pick up a book of the Warp and begin reading...
  8617 | D:7      | You add the spells Manifold Assault, Dispersal and
                  | Disjunction to your library.
  8809 | D:7      | Found a hazy altar of Hepliaklqana.
  8922 | D:8      | Noticed an oklob plant
  8937 | D:8      | Found a transporter.
  8939 | D:8      | Noticed an oklob plant
  9016 | D:8      | Noticed Dirtsage's ghost (novice OpTm)
  9063 | D:8      | Reached skill level 6 in Ice Magic
  9196 | D:8      | Found a transporter.
  9275 | D:8      | Noticed a two-headed ogre
  9297 | D:8      | HP: 16/70 [two-headed ogre/+0 giant spiked club (8)]
  9300 | D:8      | HP: 1/70 [two-headed ogre/+0 giant spiked club (16)]
  9301 | D:8      | Killed a two-headed ogre
  9302 | D:8      | Gained mutation: You have hoof-like feet. [demonic
                  | ancestry]
  9302 | D:8      | Reached XP level 10. HP: 2/65 MP: 13/18
  9590 | D:8      | Noticed Grum
  9616 | D:8      | Reached skill level 8 in Transmutations
  9616 | D:8      | HP: 18/78 [Grum/bolt of dispelling energy (7)]
 10219 | D:8      | Killed Grum
 10278 | D:9      | Gained mutation: You occasionally lose the ability to drink
                  | potions when taking damage. [Ru sacrifice]
 10278 | D:9      | Gained mutation: You sometimes lose the ability to drink
                  | potions when taking damage. [Ru sacrifice]
 10278 | D:9      | Reached *** piety under Ru
 10437 | D:9      | Reached skill level 8 in Unarmed Combat
 10437 | D:9      | Reached skill level 6 in Spellcasting
 10757 | D:9      | Reached skill level 7 in Ice Magic
 11270 | D:10     | Entered Level 10 of the Dungeon
 11276 | D:10     | Learned a level 2 spell: Passwall
 11716 | D:10     | Found an ornate altar of the Wu Jian Council.
 11734 | D:10     | Identified a scroll of acquirement
 11744 | D:10     | Gained mutation: You have a tail ending in a sharp stinger.
                  | [demonic ancestry]
 11744 | D:10     | Reached XP level 11. HP: 70/70 MP: 20/20
 11751 | D:10     | Found a runed translucent door.
 11756 | D:10     | Noticed a flayed ghost
 11766 | D:10     | Killed a flayed ghost
 11767 | D:10     | Reached skill level 9 in Transmutations
 11773 | D:10     | You add the spells Confusing Touch, Anguish and Metabolic
                  | Englaciation to your library.
 11773 | D:10     | Got the Vellum of the Glacier and Malediction
 11814 | D:10     | Found a shadowy altar of Dithmenos.
 11893 | D:10     | Found a shimmering altar of Xom.
 11959 | D:10     | Found a blossoming altar of Fedhas.
 11974 | D:10     | Found a hazy altar of Hepliaklqana.
 12100 | D:10     | Found a stormy altar of Qazlal.
 12377 | D:10     | Reached skill level 9 in Unarmed Combat
 12768 | D:11     | Reached skill level 8 in Ice Magic
 13135 | D:11     | Found a staircase to the Lair.
 13381 | D:11     | HP: 20/85 [poisoned by a killer bee]
 13386 | D:11     | HP: 18/85 [poisoned by a killer bee]
 13700 | D:11     | Noticed a two-headed ogre
 13704 | D:11     | Noticed a catoblepas
 13713 | D:11     | Killed a two-headed ogre
 13714 | D:11     | Reached skill level 1 in Armour
 13714 | D:11     | Reached skill level 7 in Spellcasting
 13797 | D:11     | Noticed a two-headed ogre
 13807 | D:11     | Killed a two-headed ogre
 13808 | D:11     | Reached skill level 2 in Fighting
 13989 | D:11     | Killed a catoblepas
 14234 | D:11     | Noticed a two-headed ogre
 14239 | D:11     | HP: 15/87 [wraith (8)]
 14241 | D:11     | HP: 3/88 [killer bee (6)]
 14241 | D:11     | Killed from afar by an acid dragon

Vanquished Creatures
  A catoblepas (D:11)
  3 two-headed ogres
  A flayed ghost (D:10)
  A cyclops (D:11)
  3 komodo dragons (D:11)
  An unseen horror (D:11)
  A troll (D:11)
  A hornet (D:9)
  Prince Ribbit (D:5)
  2 shadows (D:10)
  4 wyverns
  A vampire (D:11)
  2 wraiths (D:10)
  9 yaks
  Grum (D:8)
  A basilisk (D:11)
  2 steam dragons
  2 acid dragons
  3 water moccasins
  2 orc warriors
  2 black bears
  2 ice beasts (D:7)
  3 ogres
  4 wolves (D:8)
  5 centaurs
  3 phantoms
  7 kobold brigands
  A gnoll sergeant (D:10)
  4 bullfrogs
  5 scorpions
  6 wights
  17 killer bees
  7 orc priests
  3 hounds
  2 jellies
  Ijyb (D:3)
  An iguana (D:4)
  8 orc wizards
  15 gnolls
  10 adders
  A river rat (Sewer)
  A white imp (D:5)
  2 ufetubi
  3 worms
  5 dart slugs
  38 orcs
  5 ball pythons
  5 endoplasms
  6 giant cockroaches
  4 goblins
  6 hobgoblins
  35 kobolds
  4 quokkas
  15 bats
  4 frilled lizards
  26 rats
308 creatures vanquished.

Vanquished Creatures (others)
  A wraith (D:10)
  2 wights
3 creatures vanquished.

Grand Total: 311 creatures vanquished

Table legend:
 A = Non-vault XP
 B = Vault XP
 C = Vault XP percentage of total XP
 D = Non-vault monster count
 E = Vault monster count
 F = Vault count percentage of total count
                 A         B        C        D         E       F
            +---------+---------+-------+---------+---------+-------
      Total |   13058 |    5996 |  31.5 |     232 |      78 |  25.2
            +---------+---------+-------+---------+---------+-------
        D:1 |      30 |       0 |   0.0 |      13 |       0 |   0.0
        D:2 |      44 |       0 |   0.0 |      17 |       0 |   0.0
        D:3 |      51 |      82 |  61.7 |      17 |       8 |  32.0
        D:4 |     330 |       0 |   0.0 |      24 |       0 |   0.0
        D:5 |    1028 |     362 |  26.0 |      30 |       3 |   9.1
        D:6 |    1317 |       0 |   0.0 |      26 |       0 |   0.0
        D:7 |     987 |       0 |   0.0 |      27 |       0 |   0.0
        D:8 |    1824 |     641 |  26.0 |      16 |       5 |  23.8
        D:9 |    1982 |       0 |   0.0 |      21 |       0 |   0.0
       D:10 |    1997 |    2019 |  50.3 |      31 |      13 |  29.5
       D:11 |    3468 |    2507 |  42.0 |      10 |      11 |  52.4
      Sewer |       0 |     385 | 100.0 |       0 |      38 | 100.0
            +---------+---------+-------+---------+---------+-------

Illustrated notes

Table legend:
 A = Kills in this place as a percentage of kills in entire the game.
 B = Kills by you in this place as a percentage of kills by you in the entire game.
 C = Kills by friends in this place as a percentage of kills by friends in the entire game.
 D = Other kills in this place as a percentage of other kills in the entire game.
 E = Experience gained in this place as a percentage of experience gained in the entire game.
 F = Experience gained in this place divided by the number of levels of this place that you have seen.
                   A       B       C       D       E      F
               +-------+-------+-------+-------+-------+----------------------
         Total | 100.0 | 100.0 |   N/A | 100.0 | 100.0 | 1465.7
       Dungeon |  87.7 |  87.7 |   N/A | 100.0 |  98.0 | 1697.2
         Sewer |  12.3 |  12.3 |   N/A |   0.0 |   2.0 | 385.0
               +-------+-------+-------+-------+-------+----------------------

Table legend: (Time is in decaauts)
 A = Elapsed time spent in this place.
 B = Non-inter-level travel time spent in this place.
 C = Inter-level travel time spent in this place.
 D = Time resting spent in this place.
 E = Time spent auto-exploring this place.
 F = Levels seen in this place.
 G = Mean time per level.
                   A        B        C        D        E       F      G
               +--------+--------+--------+--------+--------+-----+--------+
         Total |  14200 |  13728 |    472 |    439 |  10787 |  13 | 1092.3 |
       Dungeon |  13222 |  12782 |    440 |    439 |  10108 |  11 | 1202.0 |
        Temple |    121 |     89 |     32 |      0 |     73 |   1 |  121.0 |
         Sewer |    856 |    856 |      0 |      0 |    606 |   1 |  856.0 |
               +--------+--------+--------+--------+--------+-----+--------+

Top non-repeatable levels by time:
     D:5: 1587 daAuts
    D:11: 1548 daAuts
     D:4: 1435 daAuts
    D:10: 1401 daAuts
     D:8: 1251 daAuts
     D:3: 1210 daAuts
     D:7: 1119 daAuts
     D:6: 1095 daAuts
     D:9: 991 daAuts
     D:2: 878 daAuts
   Sewer: 856 daAuts
     D:1: 702 daAuts
  Temple: 121 daAuts
